 Dungeon Crawl Stone Soup version 0.32-a0-12-g7fc57aa741 (webtiles) character file.

Game seed: 18360353934699995724

43 shadizar the Magician (level 3, -1/28 HPs)
             Began as a Djinni Earth Elementalist on Jan 14, 2024.
             Slain by Robin
             ... wielding a +2 spear of venom
              (6 damage)
             ... on level 2 of the Dungeon.
             The game lasted 00:02:48 (1038 turns).

shadizar the Magician (Djinni Earth Elementalist)   Turns: 1038, Time: 00:02:49

Health: -1/28      AC:  3    Str:  7    XL:     3   Next: 82%
Gold:   101        EV: 12    Int: 18    God:
                   SH:  0    Dex: 13

rFire   + + +        j - staff of fire
rCold   x . .        (no shield)
rNeg    . . .        a - +0 robe
rPois   ∞            (no helmet)
rElec   .            (no cloak)
rCorr   .            i - +0 pair of gloves
SInv    .            (boots unavailable)
Will    .....        (no amulet)
Stlth   ++           e - ring of wizardry
HPRegen 0.24/turn    (no ring)
MPRegen 0.00/turn

%: wizardry (x1), infuse magic (-2 HP)
@: flying
A: sickness immunity, fire resistance 2, cold vulnerability 1, float, innate
caster, HP casting, extra vitality 1
a: no special abilities


You were on level 2 of the Dungeon.
You visited 1 branch of the dungeon, and saw 2 of its levels.

You collected 101 gold pieces.

Inventory:

Armour
 a - a +0 robe (worn)
 i - a +0 pair of gloves (worn)
Magical Staves
 j - a staff of fire (weapon)
Jewellery
 e - a ring of wizardry (left hand)
 m - a +6 ring of dexterity
Scrolls
 b - a scroll of teleportation {unknown}
 d - a scroll of blinking {unknown}
 f - a scroll of vulnerability {unknown}
 h - 2 scrolls of poison {unknown}
Potions
 c - 2 potions of enlightenment {unknown}
 g - a potion of berserk rage {unknown}
 k - a potion of resistance {unknown}
 l - a potion of curing {unknown}


   Skills:
 + Level 2.1 Fighting
 - Level 2.1 Dodging
 - Level 1.5 Stealth
 + Level 3.6 Spellcasting
 + Level 3.6 Conjurations
 + Level 3.6 Hexes
 + Level 3.6 Summonings
 + Level 3.6 Necromancy
 + Level 3.6 Translocations
 + Level 3.6 Fire Magic
 + Level 3.6 Ice Magic
 + Level 3.6 Air Magic
 + Level 3.6 Earth Magic
 + Level 3.6 Alchemy


You knew the following spells:

 Your Spells              Type           Power      Damage    Failure   Level
a - Sandblast             Erth           32%        2d9       1%          1
b - Passwall              Erth           16%        N/A       4%          3
c - Stone Arrow           Conj/Erth      32%        3d9       4%          3
d - Petrify               Alch/Erth      16%        N/A       14%         4
e - Brom's Barrelling Bo  Conj/Erth      16%        2d4       14%         4
f - Slow                  Hex            64%        N/A       1%          1
Your spell library was empty.

Dungeon Overview and Level Annotations

Branches:
Dungeon (2/15)

Altars:

Annotations:
D:2 Robin


Innate Abilities, Weirdness & Mutations

You are immune to sickness and miasma.
You are immune to poison.
Your flesh is very heat resistant. (rF++)
You are vulnerable to cold. (rC-)
You float through the air rather than walking.
You learn spells naturally, not from books.
Your magical power is your life essence.
You have superior vitality. (+4 MHP)


Message History

Robin throws the goblin at you! The goblin hits you but does no damage.
Unknown command.
Casting: Sandblast (safe; 1% risk of failure)
Confirm with . or Enter, or press ? or * to list all spells.
Aiming: Sandblast (safe; 1% risk of failure)
Press: ? - help, Shift-Dir - straight line, f/p - hobgoblin
Aim: a hobgoblin (82% to hit)
The blast of sand hits the hobgoblin.
The hobgoblin is almost dead.
The hobgoblin barely misses you.
Robin hits you from afar with a +2 spear of venom.
* * * LOW HITPOINT WARNING * * *
The goblin completely misses you. The hobgoblin misses you.
Casting: Sandblast (safe; 1% risk of failure)
Confirm with . or Enter, or press ? or * to list all spells.
Aiming: Sandblast (safe; 1% risk of failure)
Press: ? - help, Shift-Dir - straight line, f - goblin, p - hobgoblin
Aim: a goblin, wielding a +0 dagger (77% to hit)
The blast of sand hits the goblin.
The goblin is severely wounded.
* * * LOW HITPOINT WARNING * * *
Robin misses you. The goblin hits you with a +0 dagger.
* * * LOW HITPOINT WARNING * * *
The hobgoblin misses you.
Robin roars a battlecry!
The goblins go into a battle-frenzy!
The goblin barely misses you.
Unknown command.
Casting: Sandblast (safe; 1% risk of failure)
Confirm with . or Enter, or press ? or * to list all spells.
Aiming: Sandblast (safe; 1% risk of failure)
Press: ? - help, Shift-Dir - straight line, f/p - goblin
Aim: a goblin, wielding a +0 dagger (severely wounded, strong, 77% to hit)
The blast of sand hits the goblin!
You kill the goblin!
* * * LOW HITPOINT WARNING * * *
The hobgoblin barely misses you.
Robin hits you from afar with a +2 spear of venom.
You die...
Robin says, "And that's why I'm the boss."

#.#.###.#####.#
#.# #.# # #.#
#.##### # #.#.#
#.....#.#
#.#.#######.#.#
#.............#
###.#######.###
#####.# #.#
#.g@).# #.#
#g##### #.# #.#
#.# #.# #.# #g#
#.# #g# #.. #.#
### #g#
#.#####g##


You could see Robin and a hobgoblin (strong).

Vanquished Creatures
  An adder (D:2)
  A dart slug (D:1)
  3 ball pythons
  3 bats (D:1)
  An endoplasm (D:1)
  2 giant cockroaches
  2 hobgoblins (D:1)
  A jackal (D:1)
  2 quokkas
  A frilled lizard (D:1)
  7 goblins
  4 kobolds (D:1)
  A rat (D:1)
29 creatures vanquished.

Notes
Turn   | Place    | Note
-------+----------+-------------------------------------------
     0 | D:1      | shadizar the Djinni Earth Elementalist began the quest for
                  | the Orb.
     0 | D:1      | shadizar set off with the following spells memorised:
                  | Sandblast, Passwall, Stone Arrow, Petrify, Brom's
                  | Barrelling Boulder.
     0 | D:1      | Reached XP level 1. HP: 15/15 MP: 0/0
   191 | D:1      | Reached XP level 2. HP: 20/22 MP: 0/0
   197 | D:1      | Reached skill level 1 in Fighting
   466 | D:1      | Reached XP level 3. HP: 26/27 MP: 0/0
   466 | D:1      | Learned a level 1 spell: Slow
  1016 | D:2      | Noticed Robin
  1038 | D:2      | Slain by Robin

Illustrated notes

Levels and vault maps discovered:
D:1:      scummos_arrival_simple_fountains, layout_loops_ring, serial_bayou,
          serial_bayou_lagoon_a, serial_bayou_pond_b, serial_bayou_lagoon_b,
          serial_bayou_shore_a
D:2:      layout_loops_ring, uniq_robin

Skill      XL: |  1  2  3 |
---------------+----------+-----
Fighting       | 1 2 |  2.1
Dodging        | |  2.1
Stealth        | |  1.5
Spellcasting   | |  3.6
Conjurations   | |  3.6
Hexes          | |  3.6
Summonings     | |  3.6
Necromancy     | |  3.6
Translocations | |  3.6
Fire Magic     | |  3.6
Ice Magic      | |  3.6
Air Magic      | |  3.6
Earth Magic    | |  3.6
Alchemy        | |  3.6

Action                     || total
---------------------------++-------
   Cast: Sandblast         ||    47
 Armour: Robe              ||    26
  Dodge: Dodged            ||    34

Table legend: (Time is in decaauts)
 A = Elapsed time spent in this place.
 B = Non-inter-level travel time spent in this place.
 C = Inter-level travel time spent in this place.
 D = Time resting spent in this place.
 E = Time spent auto-exploring this place.
 F = Levels seen in this place.
 G = Mean time per level.
                   A        B        C        D        E       F      G
               +--------+--------+--------+--------+--------+-----+--------+
         Total |   1059 |   1027 |     32 |      0 |    787 |   2 |  529.5 |
       Dungeon |   1059 |   1027 |     32 |      0 |    787 |   2 |  529.5 |
               +--------+--------+--------+--------+--------+-----+--------+

Top non-repeatable levels by time:
     D:1: 923 daAuts
     D:2: 136 daAuts
